 Dungeon Crawl Stone Soup version 0.19-a0-1682-g5114f93 (webtiles) character file.

322 Amnesiac the Vexing (level 6, -3/41 HPs)
             Began as a Mummy Enchanter on Sept 25, 2016.
             Was an Initiate of Gozag.
             Slain by a gnoll
             ... wielding a +0 flail
              (9 damage)
             ... on level 4 of the Dungeon.
             The game lasted 00:09:08 (4332 turns).

Amnesiac the Vexing (Mummy Enchanter)               Turns: 4332, Time: 00:09:09

Health: -3/41      AC:  6    Str: 12    XL:     6   Next: 22%
Magic:  2/9        EV: 12    Int: 16    God:    Gozag
Gold:   680        SH:  0    Dex: 12    Spells: 3 memorised, 2 levels left

rFire  x . .     SeeInvis .     r - +2 dagger (protect)
rCold  + . .     Gourm    .     b - +1 robe
rNeg   + + +     Faith    .     (no shield)
rPois  ∞         Spirit   .     t - +0 helmet
rElec  .         Dismiss  .     m - +0 cloak
rCorr  .         Reflect  .     (no gloves)
MR     .....     Harm     .     (no boots)
Stlth  ++........               (no amulet)
                                (no ring)
                                (no ring)

@: no status effects
A: no food or potions, fire vulnerability, cold resistance 1, negative energy
resistance 3, torment resistance, unbreathing
a: Potion Petition, Call Merchant, Bribe Branch, Renounce Religion


You were on level 4 of the Dungeon.
You worshipped Gozag.
Gozag was pleased with you.
You were not hungry.

You visited 1 branch of the dungeon, and saw 4 of its levels.

You collected 730 gold pieces.
You paid 50 gold pieces to Gozag.

Inventory:

Hand Weapons
 p - a +2 quarterstaff of chaos
 r - a +2 dagger of protection (weapon)
Missiles
 d - 15 poisoned needles
Armour
 b - a +1 robe (worn)
 m - a +0 cloak (worn)
 t - a +0 helmet (worn)
Jewellery
 a - a +5 amulet of reflection {unknown}
 l - an uncursed ring of fire {unknown}
Wands
 n - a wand of acid (4/15)
Scrolls
 e - 2 scrolls of remove curse {unknown}
 f - 6 scrolls of teleportation {unknown}
 g - 2 scrolls of identify {unknown}
 h - a scroll of blinking {unknown}
 i - a scroll of magic mapping {unknown}
 j - a scroll of amnesia {unknown}
 k - 2 scrolls of recharging {unknown}
 o - a scroll of fog {unknown}
 q - a scroll of immolation {unknown}
 s - a scroll of noise {unknown}
Books
 c - a book of Maledictions

   Spells                             Type                      Level
   a - Corona                         Hexes                        1
   b - Ensorcelled Hibernation        Hexes/Ice                    2
   c - Confuse                        Hexes                        3
   d - Tukima's Dance                 Hexes                        3
   e - Dazzling Spray                 Conjuration/Hexes            3


   Skills:
 + Level 3.3 Short Blades
 - Level 1.5 Dodging
 - Level 4.0 Stealth
 - Level 2.0 Spellcasting
 - Level 4.0 Hexes


You had 2 spell levels left.
You knew the following spells:

 Your Spells              Type           Power        Failure   Level  Hunger
e - Confuse               Hex            ##......     12%         3    N/A
f - Corona                Hex            ##.....      4%          1    N/A
w - Tukima's Dance        Hex            ##......     12%         3    N/A

Dungeon Overview and Level Annotations

Branches:
Dungeon (4/15)
 Temple: D:4-7

Altars:
Gozag
Nemelex Xobeh
Okawaru
Uskayaw


Innate Abilities, Weirdness & Mutations

You do not eat or drink.
Your flesh is vulnerable to fire.
You are immune to poison.
Your flesh is cold resistant. (rC+)
You are immune to negative energy. (rN+++)
You are immune to unholy pain and torment.
You can survive without breathing.


Message History

The gnoll resists with significant effort.
The gnoll closely misses you.
The gnoll shaman seems less confused.
The gnoll shaman calls upon its god to speed up the gnoll.
The gnoll seems to speed up.
The gnoll hits you with a flail! The gnoll barely misses you.
The gnoll hits you with a flail! The gnoll hits you with a flail.
* * * LOW HITPOINT WARNING * * *
The gnoll shaman calls upon its god to speed up the gnoll.
The gnoll seems to speed up.
The gnoll hits you with a flail.
* * * LOW HITPOINT WARNING * * *
There is a stone staircase leading down here.
You can't drink.
Unknown command.
The gnoll hits you with a flail!
You die...
Your body crumbles into a pile of gold.

##.## #. ##...## #.
#.#.#.# #. ##..)## #.
##)## #. #)# #.
#)#########
#.####.........###
#.@ggggg.........#
######.#######.#.#
#.# #.#.# ####.#
#.#.# $
.####....#######g#g##
......#...........#.[
.####..[.#.####......
##.#.........####
#####.###.#####.#


You could see a gnoll shaman and 4 gnolls.

Vanquished Creatures
  A scorpion (D:4)
  An orc priest (D:3)
  Robin (D:4)
  A gnoll (D:4)
  7 adders
  3 oozes
  4 worms
  4 dart slugs
  4 leopard geckos (D:3)
  10 orcs
  2 ball pythons
  10 bats
  2 giant cockroaches
  12 hobgoblins
  4 jackals (D:2)
  2 quokkas
  5 frilled lizards
  19 goblins
  6 kobolds
  5 rats
103 creatures vanquished.

Vanquished Creatures (collateral kills)
  Crazy Yiuf (D:2)
1 creature vanquished.

Vanquished Creatures (others)
  2 dancing weapons (D:3)
2 creatures vanquished.

Grand Total: 106 creatures vanquished

Notes
Turn   | Place    | Note
-------+----------+-------------------------------------------
     0 | D:1      | Amnesiac the Mummy Enchanter began the quest for the Orb.
     0 | D:1      | Reached XP level 1. HP: 13/13 MP: 3/3
    81 | D:1      | Reached skill level 1 in Short Blades
   139 | D:2      | Reached XP level 2. HP: 19/19 MP: 5/5
   453 | D:2      | Found an iron altar of Okawaru.
   465 | D:2      | Reached XP level 3. HP: 17/24 MP: 4/6
   470 | D:2      | Learned a level 3 spell: Confuse
   721 | D:2      | Found a sparkling altar of Nemelex Xobeh.
   735 | D:2      | Found a hide-covered altar of Uskayaw.
   844 | D:2      | Reached XP level 4. HP: 17/30 MP: 4/7
   849 | D:2      | Learned a level 3 spell: Tukima's Dance
  1025 | D:3      | Found an opulent altar of Gozag.
  1033 | D:3      | Became a worshipper of Gozag Ym Sagoz the Greedy
  1609 | D:2      | Found a runed door.
  2175 | D:2      | Noticed Crazy Yiuf
  2180 | D:2      | Killed Crazy Yiuf
  2283 | D:2      | Reached XP level 5. HP: 31/35 MP: 3/8
  3768 | D:4      | Noticed Robin
  4094 | D:4      | Killed Robin
  4183 | D:4      | Reached XP level 6. HP: 41/41 MP: 9/9
  4332 | D:4      | Slain by a gnoll

Vault maps used:
D:1:      dpeg_arrival_tiny_b
D:2:      nemelex_xobeh_ov_fountains_minmay, lemuel_doored_altar,
          kennysheep_okawaru_gauntlet, first_bread, minmay_misc_feat_x,
          st_stairs_4, uniq_crazy_yiuf_cottage
D:3:      grunt_gozag_statues, glass_columns_a
D:4:      marbit_many_paths, lemuel_coloured_pillars_altar, uniq_natasha,
          uniq_duvessa, uniq_robin, uniq_pikel

Skill      XL: |  1  2  3  4  5 |
---------------+----------------+-----
Hexes          | 3 4 |  4.0
Short Blades   | 1 3 |  3.3
Stealth        | 3 4 |  4.0
Dodging        | |  1.5
Spellcasting   | |  2.0

Action                   |  1- 3 |  4- 6 || total
-------------------------+-------+-------++-------
Melee: Dagger            |   109 |   417 ||   526
 Cast: Corona            |    12 |       ||    12
       Confuse           |     6 |    31 ||    37
       Tukima's Dance    |       |     4 ||     4
 Stab: Sleeping          |     5 |     5 ||    10
       Confused          |     3 |    14 ||    17
Armor: Robe              |    38 |    84 ||   122
Dodge: Dodged            |    78 |   237 ||   315
